AAA EAST
WORCESTER RED SOX @ BUFFALO BISONS
05/20/2042
 
TOP OF THE 1ST
Worcester Red Sox batting - Pitching for Buffalo Bisons : RHP Greg Jones
Pitching: RHP Greg Jones
Batting: LHB Doug Rush 0-0: Ball
1-0: Fly out, F7 (Line Drive, 7LS, EV 88.8 MPH)
Batting: LHB Chris McClellan 0-0: Foul Ball, location: 2F
0-1: Swinging Strike
0-2: Ball
1-2: Foul Ball, location: 5SF
1-2: Ball
2-2: SINGLE (Groundball, 4MD, EV 95.6 MPH)
Batting: LHB Ron Palma 0-0: Foul Ball, location: 7LDF
0-1: SINGLE (Groundball, 25, EV 70.0 MPH) (infield hit)
Chris McClellan to second
Batting: LHB Bobby Dotson 0-0: Ball
1-0: Ball
2-0: Called Strike
2-1: Fielders Choice at 2nd, 3-6 (Groundball, 3, EV 78.1 MPH)
Chris McClellan to third
Batting: LHB José Maestas 0-0: Called Strike
0-1: Swinging Strike
0-2: Foul Ball, location: 5DF
0-2: Strikes out looking
Top of the 1st over - 0 runs, 2 hits, 0 errors, 2 left on base; Worcester 0 - Buffalo 0
BOTTOM OF THE 1ST
Buffalo Bisons batting - Pitching for Worcester Red Sox : LHP Kevin West
Pitching: LHP Kevin West
Batting: RHB António Ramos 0-0: Ball
1-0: Swinging Strike
1-1: Swinging Strike
1-2: Strikes out swinging
Batting: RHB Jimmy Newton 0-0: Ball
1-0: Foul Ball, location: 2F
1-1: Swinging Strike
1-2: Ball
2-2: Ground out 2-3 (Groundball, 15S, EV 61.9 MPH)
Batting: RHB Rubén Rivera 0-0: Foul Ball, location: 9LMF
0-1: Ball
1-1: Ball
2-1: Called Strike
2-2: Ball
3-2: Foul Ball, location: 2F
3-2: Base on Balls
Batting: RHB Ben Heap 0-0: Ball
1-0: Called Strike
1-1: Ball
2-1: Swinging Strike
2-2: Ball
3-2: Strikes out looking
Bottom of the 1st over - 0 runs, 0 hits, 0 errors, 1 left on base; Worcester 0 - Buffalo 0
TOP OF THE 2ND
Worcester Red Sox batting - Pitching for Buffalo Bisons : RHP Greg Jones
Batting: RHB Ánibal Rentería 0-0: Ball
1-0: Ground out 5-3 (Groundball, 56, EV 83.8 MPH)
Batting: LHB Roger Lenoir 0-0: Foul Ball, location: 3FF
0-1: Foul Ball, location: 2F
0-2: Ball
1-2: Foul Ball, location: 7LSF
1-2: Foul Ball, location: 2F
1-2: Fly out, F9 (Flyball, 89S, EV 91.3 MPH)
Batting: SHB Tony Robles 0-0: Called Strike
0-1: Foul Ball, location: 25FF
0-2: Ball
1-2: Ball
2-2: Foul Ball, location: 2F
2-2: Ball
3-2: Foul Ball, location: 3FF
3-2: DOUBLE (Line Drive, 9LS, EV 106.3 MPH)
Batting: RHB Jorge Francots 0-0: Ball
1-0: Called Strike
1-1: Foul Ball, location: 2F
1-2: Ground out 5-3 (Groundball, 56, EV 103.1 MPH)
Top of the 2nd over - 0 runs, 1 hit, 0 errors, 1 left on base; Worcester 0 - Buffalo 0
BOTTOM OF THE 2ND
Buffalo Bisons batting - Pitching for Worcester Red Sox : LHP Kevin West
Pitching: RHP Dan Bailey
Batting: RHB Bob Robinson 0-0: SINGLE (Line Drive, 8LS, EV 84.4 MPH)
Batting: RHB Phil Raymond 0-0: Called Strike
0-1: Bunted foul
0-2: Ball
1-2: Strikes out looking
Batting: RHB Juan Sosa 0-0: Foul Ball, location: 9LDF
0-1: Ball
1-1: Ball
2-1: Foul Ball, location: 9LSF
2-2: Fly out, F3 (Popup, 3SF, EV 83.8 MPH)
Batting: LHB Jody Grant 0-0: SINGLE (Line Drive, 8RS, EV 87.5 MPH)
Bob Robinson to second
Batting: RHB Norm Barnes 0-0: Called Strike
0-1: Fly out, F6 (Line Drive, 6, EV 61.9 MPH)
Bottom of the 2nd over - 0 runs, 2 hits, 0 errors, 2 left on base; Worcester 0 - Buffalo 0
TOP OF THE 3RD
Worcester Red Sox batting - Pitching for Buffalo Bisons : RHP Greg Jones
Batting: LHB Doug Rush 0-0: Ball
1-0: Called Strike
1-1: Fly out, F9 (Line Drive, 9, EV 107.5 MPH)
Batting: LHB Chris McClellan 0-0: Ground out 4-3 (Groundball, 4, EV 89.4 MPH)
Batting: LHB Ron Palma 0-0: Called Strike
0-1: Ball
1-1: Called Strike
1-2: Foul Ball, location: 7LDF
1-2: Ball
2-2: Foul Ball, location: 2F
2-2: Ball
3-2: SINGLE (Line Drive, 78S, EV 110.6 MPH)
Batting: LHB Bobby Dotson 0-0: Ball
1-0: Ball
2-0: Foul Ball, location: 2F
2-1: Called Strike
2-2: SINGLE (Groundball, 34D, EV 94.4 MPH)
Ron Palma to second
Runner from 2nd tries for 3rd, SAFE, throw by RF made to third
Batting: LHB José Maestas 0-0: Foul Ball, location: 7LDF
0-1: Foul Ball, location: 25F
0-2: Ball
1-2: Strikes out swinging
Top of the 3rd over - 0 runs, 2 hits, 0 errors, 2 left on base; Worcester 0 - Buffalo 0
BOTTOM OF THE 3RD
Buffalo Bisons batting - Pitching for Worcester Red Sox : RHP Dan Bailey
Batting: RHB António Ramos 0-0: Foul Ball, location: 7LSF
0-1: Ball
1-1: Ball
2-1: Ball
3-1: Called Strike
3-2: Base on Balls
Batting: RHB Jimmy Newton 0-0: Called Strike
0-1: Called Strike
António Ramos is caught stealing 2nd base 2-4
0-2: Ball
1-2: Ground out 3-1 (Groundball, 34, EV 103.1 MPH)
Batting: RHB Rubén Rivera 0-0: Ball
1-0: Fly out, F1 (Popup, P, EV 90.6 MPH)
Bottom of the 3rd over - 0 runs, 0 hits, 0 errors, 0 left on base; Worcester 0 - Buffalo 0
TOP OF THE 4TH
Worcester Red Sox batting - Pitching for Buffalo Bisons : RHP Greg Jones
Batting: RHB Ánibal Rentería 0-0: Foul Ball, location: 9LDF
0-1: Ground out 5-3 (Groundball, 56S, EV 90.0 MPH)
Batting: LHB Roger Lenoir 0-0: Ground out U3 (Groundball, 3, EV 86.3 MPH)
Batting: SHB Tony Robles 0-0: Ball
1-0: Ball
2-0: Swinging Strike
2-1: Foul Ball, location: 5F
2-2: Ground out 6-3 (Groundball, 6MS, EV 86.3 MPH)
Top of the 4th over - 0 runs, 0 hits, 0 errors, 0 left on base; Worcester 0 - Buffalo 0
BOTTOM OF THE 4TH
Buffalo Bisons batting - Pitching for Worcester Red Sox : RHP Dan Bailey
Batting: RHB Ben Heap 0-0: Called Strike
0-1: Ball
1-1: Foul Ball, location: 3SF
1-2: Foul Ball, location: 5DF
1-2: Ball
2-2: Foul Ball, location: 2F
2-2: Ball
3-2: Base on Balls
Batting: RHB Bob Robinson 0-0: Foul Ball, location: 2F
0-1: Swinging Strike
0-2: Ball
1-2: SINGLE (Groundball, 4MD, EV 97.5 MPH)
Ben Heap to second
Batting: RHB Phil Raymond 0-0: Called Strike
0-1: Called Strike
0-2: Fly out, F3 (Popup, 3F, EV 79.4 MPH)
Batting: RHB Juan Sosa 0-0: Called Strike
0-1: Ball
1-1: Foul Ball, location: 5F
1-2: Strikes out looking
Batting: LHB Jody Grant 0-0: Foul Ball, location: 7LMF
0-1: Called Strike
0-2: Ball
1-2: Foul Ball, location: 5DF
1-2: Fly out, F8 (Line Drive, 8LD, EV 86.3 MPH)
Bottom of the 4th over - 0 runs, 1 hit, 0 errors, 2 left on base; Worcester 0 - Buffalo 0
TOP OF THE 5TH
Worcester Red Sox batting - Pitching for Buffalo Bisons : RHP Greg Jones
Batting: RHB Jorge Francots 0-0: Swinging Strike
0-1: Ball
1-1: Called Strike
1-2: Strikes out swinging
Batting: LHB Doug Rush 0-0: Called Strike
0-1: Ball
1-1: Called Strike
1-2: Ball
2-2: Foul Ball, location: 7LDF
2-2: Ball
3-2: Foul Ball, location: 5SF
3-2: Ground out 4-3 (Groundball, 4, EV 87.5 MPH)
Batting: LHB Chris McClellan 0-0: Ground out 5-3 (Groundball, 5, EV 83.1 MPH)
Top of the 5th over - 0 runs, 0 hits, 0 errors, 0 left on base; Worcester 0 - Buffalo 0
BOTTOM OF THE 5TH
Buffalo Bisons batting - Pitching for Worcester Red Sox : RHP Dan Bailey
Batting: RHB Norm Barnes 0-0: Ball
1-0: Ball
2-0: Ball
3-0: Called Strike
3-1: Base on Balls
Batting: RHB António Ramos 0-0: Ball
1-0: Ball
2-0: Ball
3-0: Foul Ball, location: 23F
3-1: Foul Ball, location: 5FF
3-2: Base on Balls
Norm Barnes to second
Batting: RHB Jimmy Newton 0-0: Ball
1-0: Called Strike
1-1: Sac Bunt to 13S - play at first, batter OUT! 1-3
Norm Barnes to third
António Ramos to second
Batting: RHB Rubén Rivera 0-0: Ball
1-0: Called Strike
1-1: Called Strike
1-2: Fly out, F8 (Flyball, 78M, EV 92.5 MPH)
Runner from 3rd tags up, SCORES, no throw by CF
Batting: RHB Ben Heap 0-0: Swinging Strike
0-1: Swinging Strike
0-2: Ball
1-2: Strikes out swinging
Bottom of the 5th over - 1 run, 0 hits, 0 errors, 1 left on base; Worcester 0 - Buffalo 1
TOP OF THE 6TH
Worcester Red Sox batting - Pitching for Buffalo Bisons : RHP Greg Jones
Batting: LHB Ron Palma 0-0: Fly out, F9 (Flyball, 9D, EV 90.0 MPH)
Batting: LHB Bobby Dotson 0-0: Called Strike
0-1: Swinging Strike
0-2: Strikes out swinging
Batting: LHB José Maestas 0-0: Called Strike
0-1: Swinging Strike
0-2: Ball
1-2: Strikes out looking
Top of the 6th over - 0 runs, 0 hits, 0 errors, 0 left on base; Worcester 0 - Buffalo 1
BOTTOM OF THE 6TH
Buffalo Bisons batting - Pitching for Worcester Red Sox : RHP Dan Bailey
Batting: RHB Bob Robinson 0-0: Foul Ball, location: 9LSF
0-1: Ball
1-1: Fly out, F7 (Flyball, 78D, EV 85.0 MPH)
Batting: RHB Phil Raymond 0-0: Ball
1-0: Ball
2-0: Foul Ball, location: 2F
2-1: Ball
3-1: SINGLE (Line Drive, 34, EV 103.1 MPH)
Pitching: RHP Erik Hickok
Batting: RHB Juan Sosa 0-0: Called Strike
0-1: Ball
Phil Raymond steals 2nd base
1-1: Ball
Wild Pitch!
Phil Raymond to third
2-1: Swinging Strike
2-2: Strikes out looking
Batting: LHB Jody Grant 0-0: Called Strike
0-1: Ball
1-1: Swinging Strike
1-2: Ball
2-2: Foul Ball, location: 3FF
2-2: Ball
3-2: Foul Ball, location: 2F
3-2: Base on Balls
Batting: RHB Norm Barnes 0-0: Ball
1-0: Swinging Strike
1-1: Fly out, F1 (Popup, P, EV 82.5 MPH)
Bottom of the 6th over - 0 runs, 1 hit, 0 errors, 2 left on base; Worcester 0 - Buffalo 1
TOP OF THE 7TH
Worcester Red Sox batting - Pitching for Buffalo Bisons : RHP Greg Jones
Batting: RHB Ánibal Rentería 0-0: Ball
1-0: Swinging Strike
1-1: Ground out 5-3 (Groundball, 56, EV 87.5 MPH)
Batting: LHB Roger Lenoir 0-0: Called Strike
0-1: Ground out U3 (Groundball, 3L, EV 102.5 MPH)
Batting: SHB Tony Robles 0-0: Called Strike
0-1: Ball
1-1: Swinging Strike
1-2: Ball
2-2: Strikes out swinging
Top of the 7th over - 0 runs, 0 hits, 0 errors, 0 left on base; Worcester 0 - Buffalo 1
BOTTOM OF THE 7TH
Buffalo Bisons batting - Pitching for Worcester Red Sox : RHP Erik Hickok
Batting: RHB António Ramos 0-0: Called Strike
0-1: Ball
1-1: Ball
2-1: Ball
3-1: Foul Ball, location: 3SF
3-2: Base on Balls
Batting: RHB Jimmy Newton 0-0: Ball
António Ramos steals 2nd base
1-0: Ball
2-0: Called Strike
2-1: Foul Ball, location: 5F
2-2: Strikes out looking
Batting: RHB Rubén Rivera 0-0: Called Strike
0-1: Foul Ball, location: 25FF
0-2: Foul Ball, location: 3SF
0-2: Strikes out looking
Batting: RHB Ben Heap 0-0: Called Strike
0-1: Ball
1-1: Ball
2-1: Foul Ball, location: 3FF
2-2: Ball
3-2: Base on Balls
Batting: RHB Bob Robinson 0-0: Ball
1-0: Called Strike
1-1: Ball
Wild Pitch!
António Ramos to third
Ben Heap to second
2-1: Ball
3-1: Foul Ball, location: 9LDF
3-2: Strikes out swinging
Bottom of the 7th over - 0 runs, 0 hits, 0 errors, 2 left on base; Worcester 0 - Buffalo 1
TOP OF THE 8TH
Worcester Red Sox batting - Pitching for Buffalo Bisons : RHP Greg Jones
Now at 1B: Bob Crousse
Batting: RHB Jorge Francots 0-0: Ball
1-0: Fly out, F9 (Flyball, 89S, EV 86.3 MPH)
Pitching: RHP Toki Sekiguchi
Batting: LHB Doug Rush 0-0: Ground out 5-3 (Groundball, 5, EV 106.3 MPH)
Batting: LHB Chris McClellan 0-0: Ball
1-0: SINGLE (Line Drive, 89S, EV 110.6 MPH)
Batting: LHB Ron Palma 0-0: Called Strike
0-1: Swinging Strike
0-2: Foul Ball, location: 7LSF
0-2: Ball
1-2: Foul Ball, location: 7LSFF
1-2: Strikes out looking
Top of the 8th over - 0 runs, 1 hit, 0 errors, 1 left on base; Worcester 0 - Buffalo 1
BOTTOM OF THE 8TH
Buffalo Bisons batting - Pitching for Worcester Red Sox : RHP Erik Hickok
Pitching: RHP Bernardo González
Batting: RHB Phil Raymond 0-0: Ball
1-0: Ball
2-0: Ball
3-0: Called Strike
3-1: Called Strike
3-2: Foul Ball, location: 3SF
3-2: Fly out, F4 (Popup, 4S, EV 78.8 MPH)
Batting: RHB Juan Sosa 0-0: Called Strike
0-1: Ball
1-1: Ball
2-1: Fly out, F9 (Line Drive, 9, EV 103.8 MPH)
Batting: LHB Jody Grant 0-0: Ground out 4-3 (Groundball, 4, EV 88.1 MPH)
Bottom of the 8th over - 0 runs, 0 hits, 0 errors, 0 left on base; Worcester 0 - Buffalo 1
TOP OF THE 9TH
Worcester Red Sox batting - Pitching for Buffalo Bisons : RHP Toki Sekiguchi
Pitching: RHP Johnathan Watson
Batting: LHB Bobby Dotson 0-0: Swinging Strike
0-1: Called Strike
0-2: Foul Ball, location: 2F
0-2: Strikes out swinging
Batting: LHB José Maestas 0-0: Ball
1-0: Called Strike
1-1: Ball
2-1: Called Strike
2-2: Foul Ball, location: 2F
2-2: Ball
3-2: Foul Ball, location: 5F
3-2: Foul Ball, location: 5FF
3-2: Foul Ball, location: 2F
3-2: Foul Ball, location: 7LSF
3-2: Fly out, F7 (Flyball, 7D, EV 105.0 MPH)
Pinch Hitting: LHB Quincy Daniel 0-0: Ball
1-0: Foul Ball, location: 25FF
1-1: Foul Ball, location: 2F
1-2: Ball
2-2: Foul Ball, location: 2F
2-2: Ball
3-2: Ground out U3 (Groundball, 3, EV 83.8 MPH)
Top of the 9th over - 0 runs, 0 hits, 0 errors, 0 left on base; Worcester 0 - Buffalo 1
Friday, May 3rd , 2024 - OOTP Baseball 24.10 Build 82